 Dungeon Crawl Stone Soup version 0.28.0-47-ge53b351184 (webtiles) character file.

Game seed: 3465984720012665979

67 pkoi the Ruffian (level 3, 0/29 HPs)
             Began as a Demigod Gladiator on Apr 25, 2022.
             Succumbed to an adder's poison
             ... on level 3 of the Dungeon.
             The game lasted 00:02:08 (1876 turns).

pkoi the Ruffian (Demigod Gladiator)                Turns: 1876, Time: 00:02:08

Health: 0/29       AC:  5    Str: 19    XL:     3   Next: 72%
Magic:  5/5        EV: 12    Int: 10    God:
Gold:   74         SH:  0    Dex: 15    Spells: 2/2 levels left

rFire   . . .      SeeInvis .     - Unarmed
rCold   . . .      Faith    .   (no shield)
rNeg    . . .      Spirit   .   a - +0 leather armour
rPois   .          Reflect  .   b - +0 helmet
rElec   .          Harm     .   (no cloak)
rCorr   .          Rampage  .   h - +0 pair of gloves
Will    .....                   (no boots)
Stlth   +.........              (no amulet)
HPRegen 0.09/turn               (no ring)
MPRegen 0.09/turn               (no ring)

@: lethally poisoned (0 -> -1)
A: high MP 1, forlorn, divine attributes
a: no special abilities


You were on level 3 of the Dungeon.
You visited 1 branch of the dungeon, and saw 3 of its levels.

You collected 74 gold pieces.

Inventory:

Hand Weapons
 d - a +0 hand axe
Missiles
 c - 3 throwing nets (quivered)
Armour
 a - a +0 leather armour (worn)
 b - a +0 helmet (worn)
 h - a +0 pair of gloves (worn)
Potions
 e - a potion of flight


   Skills:
 - Level 1.7 Fighting
 - Level 1.7 Throwing
 - Level 2.6 Dodging
 + Level 4.4 Unarmed Combat


You had 2 spell levels left.
You didn't know any spells.
Your spell library was empty.

Dungeon Overview and Level Annotations

Branches:
Dungeon (3/15)

Annotations:
D:2 Sigmund


Innate Abilities, Weirdness & Mutations

You have an increased reservoir of magic. (+10% MP)
You shall have no god before yourself.
Your divine heritage dramatically boosts your attributes as you level up.


Message History

You miss the adder.
The adder is severely wounded.
You feel sick. The adder barely misses you.
You closely miss the adder.
The adder is severely wounded.
You feel sick. The adder closely misses you. The adder bites you.
* * * LOW HITPOINT WARNING * * *
You are lethally poisoned!
The adder poisons you!
You hit the adder but do no damage.
The adder is severely wounded.
* * * LOW HITPOINT WARNING * * *
You feel sick. The adder bites you.
* * * LOW HITPOINT WARNING * * *
You hit the adder.
The adder is almost dead.
* * * LOW HITPOINT WARNING * * *
You feel sick. The adder barely misses you.
You hit the adder but do no damage.
The adder is almost dead.
* * * LOW HITPOINT WARNING * * *
You feel sick. The adder closely misses you.
You punch the adder!
You kill the adder!
* * * LOW HITPOINT WARNING * * *
You feel sick.
* * * LOW HITPOINT WARNING * * *
You feel sick.
Things that are here:
an adder corpse; an adder corpse
Okay, then.
As you read the scroll labelled PAC ZUOMPIRPHOA, it crumbles to dust.
The air around you briefly surges with heat, but it dissipates.
It was a scroll of immolation.
* * * LOW HITPOINT WARNING * * *
You feel sick.
There is a lethal amount of poison in your body!
* * * LOW HITPOINT WARNING * * *
You feel sick.
You die...

############# #########
#.....#...... #.......#
#######.....#...... #.......#
#.................. ###.......#
#......####.#......
#.........###......####.#######
#..†..#.................####
#.?...#.......####.........####
........+.......@................
........#.......####.#######.#...
.#.######.......####...........##
... ...................).....#<
.# #...###..................#. .
...... +......<.............
..... #........#########.#. ....
..........# #.#. ...........#
....


There were no monsters in sight!

Vanquished Creatures
  Robin (D:1)
  3 adders
  An endoplasm (D:1)
  10 goblins
  2 hobgoblins (D:2)
  2 jackals (D:3)
  A quokka (D:2)
  4 bats
  4 frilled lizards
28 creatures vanquished.

Notes
Turn   | Place    | Note
-------+----------+-------------------------------------------
     0 | D:1      | pkoi the Demigod Gladiator began the quest for the Orb.
     0 | D:1      | Reached XP level 1. HP: 17/17 MP: 3/3
   423 | D:1      | Reached skill level 3 in Unarmed Combat
   794 | D:2      | Noticed Robin
  1023 | D:1      | Killed Robin
  1024 | D:1      | Reached XP level 2. HP: 8/24 MP: 4/4
  1024 | D:1      | Upgraded the game from 0.28.0-45-g0d030f2227 to
                  | 0.28.0-47-ge53b351184
  1398 | D:2      | Reached skill level 4 in Unarmed Combat
  1398 | D:2      | Reached XP level 3. HP: 29/29 MP: 5/5
  1642 | D:2      | Noticed Sigmund
  1875 | D:3      | HP: 1/29 [poisoned by an adder]
  1876 | D:3      | Succumbed to an adder's poison

Illustrated notes

Levels and vault maps discovered:
D:1:      matt_arrival_diagonals, layout_loops_ring,
          shapermc_ecumenical_altar_petra, palyth_stone_intersect
D:2:      layout_loops_ring, basic_altar, wander_ebering_terrifying_dragon_lair,
          uniq_robin, uniq_sigmund
D:3:      layout_basic

Skill      XL: |  1  2 |
---------------+-------+-----
Unarmed Combat | 3 4 |  4.4
Fighting       | |  1.7
Throwing       | |  1.7
Dodging        | |  2.6

Action                   || total
-------------------------++-------
Melee: Hand axe          ||    66
       Punch             ||     3
       Unarmed           ||    52
  Use: Scroll            ||     4
       Potion            ||     3
Armor: Leather armour    ||    68
Dodge: Dodged            ||   140
